 Dungeon Crawl Stone Soup version 0.29-a0-418-gc0181ea820 (webtiles) character file.

Game seed: 3876689987475969299

2438 ptdevnull the Sneak (level 9, 0/66 HPs)
             Began as a Vine Stalker Necromancer on May 18, 2022.
             Was a Follower of Kikubaaqudgha.
             Slain by a troll (3 damage)
             ... on level 7 of the Dungeon.
             The game lasted 00:24:34 (6880 turns).

ptdevnull the Sneak (Vine Stalker Necromancer)      Turns: 6880, Time: 00:24:34

Health: 0/66       AC:  8    Str: 11    XL:     9   Next: 49%
Magic:  0/25       EV: 12    Int: 15    God:    Kikubaaqudgha [*.....]
Gold:   329        SH:  0    Dex: 19    Spells: 3/16 levels left

rFire   . . .      SeeInvis .   w - +0 short sword
rCold   . . .      Faith    .   (no shield)
rNeg    + . .      Spirit   +   G - +0 ring mail {rN+}
rPois   .          Reflect  .   (no helmet)
rElec   .          Harm     .   H - scarf {shadows}
rCorr   .          Rampage  .   (no gloves)
Will    +....                   p - +2 pair of boots
Stlth   ..........              n - amulet of magic regeneration
HPRegen 1.01/turn               F - ring of magical power
MPRegen 0.59/turn               (no ring)

@: berserking, very quick
A: fangs 3, regeneration 1, magic shield, antimagic bite, no potion heal 2
a: Renounce Religion, Receive Corpses


You were on level 7 of the Dungeon.
You worshipped Kikubaaqudgha.
Kikubaaqudgha was aware of your devotion.
You visited 2 branches of the dungeon, and saw 8 of its levels.

You collected 329 gold pieces.

Inventory:

Hand Weapons
 h - a +0 whip
 k - a +0 dagger
 t - a +0 long sword
 w - a +0 short sword (weapon)
Armour
 a - a +0 robe
 l - a +0 cloak
 p - a +2 pair of boots (worn)
 s - a scarf of invisibility
 B - a +0 buckler
 G - a +0 ring mail of positive energy (worn)
 H - a scarf of shadows (worn)
 I - a +0 pair of gloves
Jewellery
 i - an amulet of regeneration
 n - an amulet of magic regeneration (around neck)
 F - a ring of magical power (left hand)
Wands
 v - a wand of polymorph (1)
 z - a wand of acid (5)
Scrolls
 b - a scroll of summoning {unknown}
 c - 5 scrolls of teleportation
 e - 2 scrolls of amnesia
 f - 2 scrolls of vulnerability
 o - a scroll of magic mapping {unknown}
 r - 2 scrolls of blinking {unknown}
 x - a scroll of immolation {unknown}
 y - a scroll of silence {unknown}
 C - a scroll of enchant armour {unknown}
 E - a scroll of noise {unknown}
Potions
 d - a potion of berserk rage
 g - 3 potions of attraction
 j - 2 potions of curing {unknown}
 m - 2 potions of mutation
 q - 2 potions of lignification
 u - a potion of might {unknown}
 A - a potion of ambrosia {unknown}
 D - a potion of haste {unknown}


   Skills:
 + Level 3.1 Fighting
 - Level 5.0 Short Blades
 + Level 3.4 Dodging
 - Level 7.0 Stealth
 - Level 4.0 Spellcasting
 - Level 3.0 Hexes
 + Level 5.9 Necromancy
 - Level 3.0 Ice Magic
 - Level 3.5 Evocations


You had 3 spell levels left.
You knew the following spells:

 Your Spells              Type           Power      Damage    Failure   Level
a - Pain                  Necr           80%        1d8       3%          1
b - Vampiric Draining     Necr           20%        2d7       12%         3
c - Animate Dead          Necr           10%        N/A       36%         4
d - Apportation           Tloc           6%         N/A       41%         1
e - Ensorcelled Hibernat  Hex/Ice        24%        N/A       19%         2
f - Sublimation of Blood  Necr           20%        N/A       6%          2

Your spell library contained the following spells:

 Spells                   Type           Power      Damage    Failure   Level
 Animate Skeleton         Necr           40%        N/A       3%          1
 Freeze                   Ice            48%        1d7       13%         1
 Frozen Ramparts          Ice            24%        1d4       36%         3
 Summon Small Mammal      Summ           12%        N/A       41%         1
 Summon Guardian Golem    Hex/Summ       7%         N/A       56%         3
 Call Canine Familiar     Summ           3%         N/A       78%         3
 Ignite Poison            Fire/Tmut/Pois 3%         N/A       78%         3
 Mephitic Cloud           Conj/Pois/Air  3%         N/A       78%         3
 Spider Form              Tmut/Pois      3%         N/A       78%         3
 Anguish                  Hex/Necr       8%         N/A       56%         4
 Agony                    Necr           20%        N/A       71%         5
 Hailstorm                Conj/Ice       7%         3d4       93%         4
 Alistair's Intoxication  Tmut/Pois      2%         N/A       100%        5
 Freezing Cloud           Conj/Ice/Air   3%         6-21      100%        5


Dungeon Overview and Level Annotations

Branches:
Dungeon (7/15)             Temple (1/1) D:5

Altars:
Ashenzari
Cheibriados
Dithmenos
Elyvilon
Fedhas
Gozag
Hepliaklqana
Kikubaaqudgha
Makhleb
Nemelex Xobeh
Okawaru
Qazlal
Ru
Sif Muna
Trog
Uskayaw
Vehumet
Wu Jian
Xom
Yredelemnul
Zin
The Shining One

Annotations:
D:7 1 runed translucent door, Crazy Yiuf


Innate Abilities, Weirdness & Mutations

You have razor-sharp teeth.
Your natural rate of healing is unusually fast.
When hurt, damage is shared between your health and your magic reserves.
Your bite disrupts and absorbs the magic of your enemies.
Potions cannot restore your health.


Message History

The troll claws you. The troll closely misses you.
You hit the troll. You bite the troll. You drain its power.
You feel invigorated.
The troll is moderately wounded.
You hit the troll. Your bite misses the troll.
The troll is moderately wounded.
The troll bites you! The troll closely misses you. The troll claws you!
You closely miss the troll.
The troll is moderately wounded.
The troll bites you. The troll completely misses you.
The troll barely misses you.
You hit the troll. You bite the troll. You drain its power.
You feel invigorated.
The troll is heavily wounded.
The troll bites you! The troll barely misses you. The troll claws you!
* * * LOW HITPOINT WARNING * * *
Casting: Vampiric Draining (dangerous; 12% risk of failure)
Confirm with . or Enter, or press ? or * to list all spells.
Aiming: Vampiric Draining (dangerous; 12% risk of failure)
Press: ? - help, Shift-Dir - straight line, f - troll
Aim: a troll (moderately wounded)
You draw life force from the troll.
You feel life coursing into your body. The troll bites you!
* * * LOW HITPOINT WARNING * * *
The troll closely misses you. The troll barely misses you.
Casting: Vampiric Draining (dangerous; 12% risk of failure)
Confirm with . or Enter, or press ? or * to list all spells.
Aiming: Vampiric Draining (dangerous; 12% risk of failure)
Press: ? - help, Shift-Dir - straight line, f/p - troll
Aim: a troll (heavily wounded)
You draw life force from the troll!
You feel life coursing into your body. The troll bites you.
* * * LOW HITPOINT WARNING * * *
The troll claws you.
* * * LOW HITPOINT WARNING * * *
The troll claws you but does no damage.
A red film seems to cover your vision as you go berserk!
You feel yourself moving faster!
You feel mighty! The troll bites you.
You die...
Kikubaaqudgha rasps: "You have failed me!
Welcome... death!"

#.##### ####..
#..... #.....# ....
#.##### #####.#.#
#..##. # #.#.#
#..#.# . #.#.#
#..#.#9.. #.#.#
#..'..... #.#.#
#..#[#... #.#.#
#..#.#
###@#.###..##. #
#...T.......##.#####
#.#######.#..##.))).
#.# ##.##..###'##
#.# #...##)......
#.# #........####
#.# #........# #.
#.# ##.......###.
#.# #...........


You could see a troll.

Vanquished Creatures
  A gargoyle (D:7)
  A steam dragon (D:6)
  Menkaure (D:7)
  2 sky beasts
  5 ice beasts
  2 centaurs (D:6)
  An ogre (D:5)
  Blork the orc (D:5)
  4 scorpions
  A necrophage (D:7)
  4 hounds
  A jelly (D:6)
  An orc priest (D:7)
  4 iguanas
  2 orc wizards (D:7)
  11 adders
  A white imp (D:5)
  An ufetubus (D:6)
  2 worms
  2 dart slugs
  14 orcs
  9 endoplasms
  3 goblins
  3 hobgoblins
  4 jackals
  A quokka (D:3)
  5 ball pythons
  5 bats
  7 frilled lizards
  4 kobolds
  7 rats
110 creatures vanquished.

Vanquished Creatures (collateral kills)
  An orc warrior (D:7)
  A necrophage (D:7)
2 creatures vanquished.

Grand Total: 112 creatures vanquished

Notes
Turn   | Place    | Note
-------+----------+-------------------------------------------
     0 | D:1      | ptdevnull the Vine Stalker Necromancer began the quest for
                  | the Orb.
     0 | D:1      | Reached XP level 1. HP: 9/9 MP: 4/4
   530 | D:1      | Reached XP level 2. HP: 9/13 MP: 4/6
  1674 | D:2      | Reached XP level 3. HP: 16/16 MP: 5/8
  2256 | D:2      | Reached skill level 3 in Stealth
  2353 | D:2      | Learned a level 3 spell: Vampiric Draining
  2411 | D:3      | Reached skill level 1 in Short Blades
  2411 | D:3      | Gained mutation: Your natural rate of healing is unusually
                  | fast. [Vine Stalker growth]
  2411 | D:3      | Reached XP level 4. HP: 21/21 MP: 6/9
  2522 | D:3      | Found a faded altar of an unknown god.
  3273 | D:4      | Learned a level 4 spell: Animate Dead
  3275 | D:4      | Learned a level 1 spell: Apportation
  3299 | D:4      | Reached skill level 4 in Stealth
  3299 | D:4      | Reached XP level 5. HP: 24/24 MP: 10/10
  3307 | D:4      | Found a burning altar of Makhleb.
  3708 | D:5      | Entered Level 5 of the Dungeon
  3729 | D:5      | Noticed an ogre
  3813 | D:5      | Reached skill level 5 in Stealth
  3813 | D:5      | Reached XP level 6. HP: 22/28 MP: 8/11
  4024 | D:5      | Noticed Ijyb
  4025 | D:5      | Noticed Ijyb
  4025 | D:5      | Ijyb changed into Ijyb the hound
  4036 | D:5      | Killed Ijyb the hound
  4083 | D:5      | Found a staircase to the Ecumenical Temple.
  4093 | Temple   | Entered the Ecumenical Temple
  4342 | Temple   | Became a worshipper of Kikubaaqudgha
  4421 | D:5      | Noticed Blork the orc
  4431 | D:5      | Killed Blork the orc
  4432 | D:5      | Reached skill level 6 in Stealth
  4432 | D:5      | Reached XP level 7. HP: 27/32 MP: 9/12
  4963 | D:6      | Reached skill level 7 in Stealth
  4963 | D:6      | Reached skill level 1 in Evocations
  5357 | D:6      | Reached skill level 5 in Short Blades
  5357 | D:6      | Gained mutation: You have razor-sharp teeth. [Vine Stalker
                  | growth]
  5357 | D:6      | Reached XP level 8. HP: 36/36 MP: 13/13
  5428 | D:6      | Learned a level 2 spell: Ensorcelled Hibernation
  5577 | D:6      | Reached skill level 1 in Hexes
  5577 | D:6      | Reached skill level 1 in Ice Magic
  5877 | D:6      | Reached skill level 5 in Necromancy
  6148 | D:7      | Found a runed translucent door.
  6149 | D:7      | Noticed Crazy Yiuf
  6291 | D:7      | Reached skill level 1 in Fighting
  6291 | D:7      | Reached XP level 9. HP: 22/41 MP: 10/16
  6379 | D:7      | Reached * piety under Kikubaaqudgha
  6379 | D:7      | Received a gift from Kikubaaqudgha
  6400 | D:7      | Learned a level 2 spell: Sublimation of Blood
  6624 | D:7      | Noticed Menkaure
  6630 | D:7      | Killed Menkaure
  6682 | D:7      | Noticed a gargoyle
  6704 | D:7      | Killed a gargoyle
  6871 | D:7      | Noticed a troll
  6879 | D:7      | HP: 1/44 [troll (4)]
  6880 | D:7      | Slain by a troll

Illustrated notes

Levels and vault maps discovered:
D:1:      kennysheep_arrival_seaside, layout_loops_ring, minivault_4
D:2:      layout_loops_cross
D:3:      layout_basic, basic_ecumenical_altar
D:4:      layout_loops_cross, mainiacjoe_overflow_24_doors
D:5:      layout_basic, minmay_temple_entry_grid, uniq_ijyb, uniq_blork_the_orc
D:6:      layout_basic
D:7:      minmay_the_grid_octo_triangle [minmay_the_grid_octo_checkered,
          minmay_the_grid_octo_prize_big_c,
          minmay_the_grid_octo_tetromino_candy], layout_loops_ring,
          uniq_menkaure, uniq_crazy_yiuf_cottage
Temple:   mainiacjoe_temple_hex_bubbles

Skill      XL: |  1  2  3  4  5  6  7  8  9 |
---------------+----------------------------+-----
Spellcasting   | 3 4 |  4.0
Stealth        | 3 4 5 6 7 |  7.0
Short Blades   | 1 2 3 5 |  5.0
Evocations     | 2 3 |  3.5
Hexes          | 3 |  3.0
Ice Magic      | 3 |  3.0
Necromancy     | 5 |  5.9
Fighting       | 1 3 |  3.1
Dodging        | 2 3 |  3.4

Action                   |  1- 3 |  4- 6 |  7- 9 || total
-------------------------+-------+-------+-------++-------
Melee: Unarmed           |     3 |       |       ||     3
       Bite              |    12 |    34 |    74 ||   120
       Whip              |    13 |       |       ||    13
       Dagger            |    26 |    33 |       ||    59
       Short sword       |       |    86 |   206 ||   292
       Punch             |       |     2 |     5 ||     7
 Cast: Pain              |    48 |    16 |    11 ||    75
       Vampiric Draining |       |       |    11 ||    11
       Animate Dead      |       |       |     2 ||     2
Evoke: Wand              |       |     1 |     2 ||     3
  Use: Scroll            |       |     7 |     1 ||     8
       Potion            |       |       |     3 ||     3
 Stab: Sleeping          |     2 |    11 |     6 ||    19
Armor: Robe              |    20 |    37 |    34 ||    91
       Ring mail         |       |       |    23 ||    23
Dodge: Dodged            |    25 |    73 |   100 ||   198

Table legend: (Time is in decaauts)
 A = Elapsed time spent in this place.
 B = Non-inter-level travel time spent in this place.
 C = Inter-level travel time spent in this place.
 D = Time resting spent in this place.
 E = Time spent auto-exploring this place.
 F = Levels seen in this place.
 G = Mean time per level.
                   A        B        C        D        E       F      G
               +--------+--------+--------+--------+--------+-----+--------+
         Total |   6862 |   6534 |    328 |    888 |   4260 |   8 |  857.8 |
       Dungeon |   6591 |   6299 |    292 |    888 |   4027 |   7 |  941.6 |
        Temple |    270 |    234 |     36 |      0 |    233 |   1 |  270.0 |
               +--------+--------+--------+--------+--------+-----+--------+

Top non-repeatable levels by time:
     D:1: 1637 daAuts
     D:6: 1169 daAuts
     D:5: 889 daAuts
     D:7: 809 daAuts
     D:2: 761 daAuts
     D:3: 707 daAuts
     D:4: 617 daAuts
  Temple: 270 daAuts
